 Dungeon Crawl Stone Soup version 0.27.1-1-g398f81649c (webtiles) character file.

Game seed: 17722118240228660230

854 funkygono the Digger (level 8, -1/61 HPs)
             Began as a Gargoyle Earth Elementalist on Sept 15, 2021.
             Was an Initiate of Vehumet.
             Slain by a scorpion (4 damage)
             ... on level 3 of the Dungeon.
             The game lasted 00:09:09 (3335 turns).

funkygono the Digger (Gargoyle Earth Elementalist)  Turns: 3335, Time: 00:09:10

Health: -1/61      AC: 24    Str: 12    XL:     8   Next: 1%
Magic:  4/16       EV:  2    Int: 18    God:    Vehumet [......]
Gold:   202        SH:  0    Dex: 16    Spells: 14/18 levels left

rFire    . . .     SeeInvis .   a - +2 whip
rCold    . . .     Faith    .   (no shield)
rNeg     + + +     Spirit   .   (armour currently unavailable)
rPois    ∞         Reflect  .   (helmet currently unavailable)
rElec    .         Harm     .   (cloak currently unavailable)
rCorr    .         Rampage  .   (gloves currently unavailable)
Will     .....     NoTele   +   (boots currently unavailable)
Stlth    ++........             (no amulet)
HPRegen  0.20/turn              e - +6 ring of dexterity
MPRegen  0.15/turn              (no ring)

@: tree-form
A: stationary, stasis, torment immunity, boosted hp, sickness immunity, AC +5,
negative energy resistance 1, (electricity resistance), torment resistance 1,
petrification resistance
a: Renounce Religion


You were on level 3 of the Dungeon.
You worshipped Vehumet.
Vehumet was noncommittal.
You were a tree.
You visited 2 branches of the dungeon, and saw 5 of its levels.

You collected 202 gold pieces.

Inventory:

Hand Weapons
 a - a +2 whip (weapon)
 f - a +0 club
Armour
 b - a +0 robe (melded)
 h - a +0 pair of gloves (melded)
 j - a +1 helmet (melded)
Jewellery
 e - a +6 ring of dexterity (left branch)
Scrolls
 n - a scroll of teleportation
 o - a scroll of magic mapping
 p - a scroll of amnesia
Potions
 g - 2 potions of lignification
 i - a potion of might {unknown}
 k - a potion of cancellation {unknown}
 l - a potion of invisibility {unknown}
 m - a potion of resistance {unknown}


   Skills:
 + Level 1.6 Dodging
 - Level 2.1 Stealth
 * Level 5.7 Spellcasting
 * Level 2.7 Conjurations
 + Level 0.7 Transmutations
 * Level 7.8 Earth Magic


You had 14 spell levels left.
You knew the following spells:

 Your Spells              Type           Power      Damage    Failure   Level
a - Sandblast             Erth           66%        2d15      1%          1
b - Stone Arrow           Conj/Erth      48%        3d10      4%          3

Your spell library contained the following spells:

 Spells                   Type           Power      Damage    Failure   Level
 Passwall                 Tmut/Erth      16%        N/A       3%          2
 Dazzling Flash           Conj/Hex       20%        N/A       22%         3
 Petrify                  Tmut/Erth      20%        N/A       22%         4
 Agony                    Necr           5%         N/A       98%         5
 Silence                  Hex/Air        2%         N/A       98%         5


Dungeon Overview and Level Annotations

Branches:
Dungeon (4/15)             Temple (1/1) D:4

Altars:
Ashenzari
Dithmenos
Gozag
Hepliaklqana
Kikubaaqudgha
Makhleb
Okawaru
Qazlal
Ru
Trog
Uskayaw
Vehumet
Xom
Zin
The Shining One

Shops:
D:1 !   D:4 *=


Innate Abilities, Weirdness & Mutations

You are a tree.
Your roots penetrate the ground, keeping you stationary.
You cannot be teleported.
You are immune to unholy pain and torment.
Your maximum health is greatly increased.
Your equipment is partially melded.
You are immune to sickness and miasma.
((Your stone body is resilient. (AC +5)))
You are immune to poison.
You resist negative energy. (rN+)
((You are resistant to electric shocks. (rElec)))
You are resistant to unholy torment.
You are immune to petrification.


Message History

Pikel closely misses you.
A lemure comes into view.
Casting: Sandblast (safe; 1% risk of failure)
Confirm with . or Enter, or press ? or * to list all spells.
The spell is quite dangerous to cast (9% risk of failure)!
Continue anyway?
Aiming: Stone Arrow (quite dangerous; 9% risk of failure)
Press: ? - help, Shift-Dir - straight line, f/p - Pikel
Aim: Pikel, wielding a +0 whip of electrocution and wearing a +0 robe (severely wounded, 60% to hit)
The stone arrow hits Pikel!
You kill Pikel!
Vehumet accepts your kill.
With Pikel's spell broken, his former minion thanks you for its freedom.
The lemure departs this earthly plane.
Your Spellcasting skill increases to level 5!
Your Conjurations skill increases to level 2!
Your Earth Magic skill increases to level 7!
You have reached level 7!
You have reached level 8!
You feel clever.
There is a stone staircase leading up here.
The scorpion stings you.
* * * LOW HITPOINT WARNING * * *
You climb upwards.
There is a stone staircase leading down here.
The scorpion barely misses you. The scorpion stings you.
* * * LOW HITPOINT WARNING * * *
It was a potion of lignification.
You turn into a tree.
Your +1 helmet melds into your body.
Your +0 pair of gloves melds into your body.
Your +0 robe melds into your body.
Your roots penetrate the ground.
The scorpion barely misses you.
You hit the scorpion but do no damage.
The scorpion stings you but does no damage.
You hit the scorpion but do no damage. The scorpion stings you.
* * * LOW HITPOINT WARNING * * *
The scorpion stings you but does no damage.
It was a potion of flight.
Your roots keep you in place.
The scorpion stings you.
You die...

#...............# #......
#...............###......
#........................
#.......(................
#........................
##.......................
##......................
#####.s###.............
#.♣###.............
#..#...............
#..............##..
#..............###.
#..............# ##
#..............#
#.............##
#............##
#......†...###


You could see a scorpion.

Vanquished Creatures
  Pikel (D:4)
  A sky beast (D:3)
  An ogre (D:4)
  2 lemures (D:4)
  A jelly (D:4)
  A bullfrog skeleton (D:3)
  4 adders
  2 worms (D:2)
  2 dart slugs (D:4)
  An orc (D:3)
  8 bats
  7 endoplasms
  5 goblins
  10 hobgoblins
  5 quokkas
  11 ball pythons
  2 frilled lizards
  6 kobolds
  9 rats
79 creatures vanquished.

Notes
Turn   | Place    | Note
-------+----------+-------------------------------------------
     0 | D:1      | funkygono the Gargoyle Earth Elementalist began the quest
                  | for the Orb.
     0 | D:1      | Reached XP level 1. HP: 10/10 MP: 3/3
   100 | D:1      | Reached skill level 4 in Earth Magic
   130 | D:1      | Reached XP level 2. HP: 15/15 MP: 3/5
   493 | D:1      | Found Ufenun's Distillery.
   589 | D:1      | Reached XP level 3. HP: 19/19 MP: 4/6
   913 | D:1      | Learned a level 3 spell: Stone Arrow
  1195 | D:2      | Reached skill level 5 in Earth Magic
  1195 | D:2      | Reached XP level 4. HP: 16/24 MP: 0/8
  2311 | D:3      | Reached XP level 5. HP: 28/28 MP: 4/10
  2577 | D:3      | Noticed a sky beast
  2587 | D:3      | Killed a sky beast
  2588 | D:3      | Reached skill level 1 in Conjurations
  2588 | D:3      | Reached skill level 6 in Earth Magic
  2590 | D:3      | Reached XP level 6. HP: 32/32 MP: 1/11
  2784 | D:4      | Found Xeull's Mayhem Merchandise.
  2784 | D:4      | Found a staircase to the Ecumenical Temple.
  2815 | D:4      | Found Gurroe's Jewellery Shoppe.
  2836 | Temple   | Entered the Ecumenical Temple
  2888 | Temple   | Became a worshipper of Vehumet
  3076 | D:4      | Found a hide-covered altar of Uskayaw.
  3086 | D:4      | Noticed Pikel
  3283 | D:4      | Found an ancient bone altar of Kikubaaqudgha.
  3308 | D:4      | Killed Pikel
  3309 | D:4      | Reached skill level 5 in Spellcasting
  3309 | D:4      | Reached skill level 7 in Earth Magic
  3309 | D:4      | Reached XP level 7. HP: 7/36 MP: 0/15
  3309 | D:4      | Reached XP level 8. HP: 8/41 MP: 0/16
  3334 | D:3      | HP: 3/61 [scorpion (4)]
  3335 | D:3      | Slain by a scorpion

Illustrated notes

Levels and vault maps discovered:
D:1:      dpeg_arrival_stone_temple_mockup, layout_loops_ring, serial_shops,
          shop
D:2:      kennysheep_six_static_rooms, layout_basic, chequers_avenue,
          st_stairs_5, kennysheep_small_spiral, minmay_tall_x
D:3:      layout_rooms, hangedman_decor_clover_reticule
D:4:      kennysheep_kobold_camp, layout_rooms,
          mainiacjoe_overflow_large_starburst, minmay_temple_entry_statues,
          serial_shops, shop, minmay_shop_mayhem, uniq_pikel
Temple:   nicolae_temple_god_jail

Skill      XL: |  1  2  3  4  5  6 |
---------------+-------------------+-----
Earth Magic    | 4 5 6 7 |  7.8
Spellcasting   | 3 5 |  5.7
Conjurations   | 1 2 |  2.7
Dodging        | |  1.6
Stealth        | |  2.1
Transmutations | |  0.7

Action                   |  1- 3 |  4- 6 |  7- 9 || total
-------------------------+-------+-------+-------++-------
Melee: Club              |     1 |       |       ||     1
       Whip              |       |    23 |     2 ||    25
 Cast: Sandblast         |    48 |    75 |       ||   123
       Stone Arrow       |       |     8 |       ||     8
  Use: Scroll            |     6 |     3 |       ||     9
       Potion            |       |       |     2 ||     2
Armor: Robe              |     3 |    12 |       ||    15
       Skin              |       |       |     2 ||     2
Dodge: Dodged            |    13 |    18 |     2 ||    33
